 Dungeon Sprint DCSS version 0.19.1 (webtiles) character file.

121306 equalderp2856 the Sabretooth (level 13, -27/64 HPs)
             Began as a Felid Fighter on Dec 14, 2016.
             Was an Initiate of Gozag.
             Killed from afar by an orb of fire (74 damage)
             ... with a bolt of fire
             ... in the Dungeon (Sprint IX: "|||||||||||||||||||||||||||||") on Dec 15, 2016.
             The game lasted 00:47:16 (17519 turns).

equalderp2856 the Sabretooth (Felid Fighter)       Turns: 17519, Time: 00:47:18

Health: -27/64     AC:  3    Str: 17    XL:     13   Next: 52%
Magic:  22/22      EV: 40    Int: 10    God:    Gozag
Gold:   5020       SH:  0    Dex: 18    Spells: 5 memorised, 14 levels left
                                        Lives:  0   Deaths: 4

rFire  . . .     SeeInvis +       - Unarmed
rCold  + . .     Gourm    .     (armour unavailable)
rNeg   . . .     Faith    .     (shield unavailable)
rPois  .         Spirit   .     (helmet unavailable)
rElec  .         Reflect  .     (cloak unavailable)
rCorr  .         Harm     .     (gloves unavailable)
MR     +....     NoTele   +     (boots unavailable)
Stlth  +++++++++.               (no amulet)
                                n - +2 ring of evasion
                                m - +3 ring of strength

@: gold aura, bribing [the Dungeon], quick
A: no armour, no weapons or thrown items, stealth, claws 1, fangs 3, see
invisible, carnivore 3, speed 1, shaggy fur 3, slow metabolism 1, sharp paws
a: Potion Petition, Call Merchant, Bribe Branch, Renounce Religion
}: 5/15 runes: decaying, serpentine, barnacled, silver, gossamer


You were in the Dungeon.
You worshipped Gozag.
Gozag was greatly pleased with you.
You were not hungry.

You visited 1 branch You collected 35739 gold pieces.
You spent 603 gold pieces at shops.
You paid 30116 gold pieces to Gozag.

Inventory:

Jewellery
 m - a +3 ring of strength (left paw)
 n - a +2 ring of evasion (right paw)
 r - an uncursed ring of protection from magic
 s - an uncursed ring of protection from fire
 t - an uncursed ring of protection from fire
 u - an uncursed ring of protection from cold
 z - a +6 ring of dexterity
 A - an uncursed ring of wizardry
 B - a +2 ring of slaying
 C - a +6 ring of dexterity
 D - a +6 ring of dexterity
 G - the amulet "Nigusem" {Reflect Fragile +Inv rElec Str+7 SH+5}
   (You found it in the Dungeon)

   [amulet of reflection]

   It shields you and reflects attacks.
   It affects your strength (+7).
   It insulates you from electricity.
   It lets you turn invisible.
   It will be destroyed if unequipped.
   It affects your SH (+5).
 H - the ring "Yzaorpho" {rC+ Str+3 Int+2}
   (You found it in the Dungeon)

   [ring of strength]

   It affects your strength (+3).
   It affects your intelligence (+2).
   It protects you from cold.
 I - the amulet "Puozuigg" {Spirit *Slow MP+9 Dex+4}
   (You found it in the Dungeon)

   [amulet of guardian spirit]

   It causes incoming damage to be split between your health and magic.
   It affects your dexterity (+4).
   It affects your magic capacity (+9).
   It may slow you when you take damage.
 J - the amulet "Atwuhebiveni" {RegenMP +Fly rElec Str+8 Dex-4}
   (You found it in the Dungeon)

   [amulet of magic regeneration]

   It increases your magic regeneration.
   It affects your strength (+8).
   It affects your dexterity (-4).
   It insulates you from electricity.
   It lets you fly.
 K - a +3 ring of slaying
 M - the brooch of Shielding {Reflect SH+8}
   (You found it in the Dungeon)

   [amulet of reflection]

   It shields you and reflects attacks.
   It affects your SH (+8).
Wands
 l - a wand of iceblast (0/15)
 F - a wand of hasting (5/9)
Scrolls
 h - 3 scrolls of blinking
 j - 6 scrolls of remove curse
 k - 2 scrolls of amnesia
 p - 3 scrolls of fear
 q - 2 scrolls of identify
 w - 3 scrolls of recharging
Potions
 a - 4 potions of might
 c - 7 potions of curing
 d - 13 potions of heal wounds
 e - a potion of haste
 f - 4 potions of magic
 g - 6 potions of berserk rage
 i - a potion of invisibility
 o - 2 potions of brilliance
 v - a potion of mutation {unknown}
 E - 2 potions of agility
Books
 x - a book of Minor Magic

   Spells                             Type                      Level
   a - Magic Dart                     Conjuration                  1
   b - Blink                          Translocation                2
   c - Call Imp                       Summoning                    2
   d - Repel Missiles                 Charms/Air                   2
   e - Slow                           Hexes                        2
   f - Conjure Flame                  Conjuration/Fire             3
   g - Mephitic Cloud                 Conjuration/Poison/Air       3
 y - a book of Cantrips

   Spells                             Type                      Level
   a - Confusing Touch                Hexes                        1
   b - Animate Skeleton               Necromancy                   1
   c - Summon Small Mammal            Summoning                    1
   d - Apportation                    Translocation                1
 L - a book of Beasts

   Spells                             Type                      Level
   a - Summon Butterflies             Summoning                    1
   b - Call Canine Familiar           Summoning                    3
   c - Summon Ice Beast               Ice/Summoning                4
   d - Summon Mana Viper              Hexes/Summoning              5
   e - Summon Hydra                   Summoning                    7
Comestibles
 b - 10 meat rations
 N - a royal jelly


   Skills:
 + Level 12.1 Fighting
 + Level 24.5 Dodging
 O Level 27 Stealth
 O Level 27 Unarmed Combat
 + Level 5.4 Spellcasting
 + Level 6.1 Hexes
 + Level 2.4 Charms
 + Level 2.2 Air Magic
 + Level 5.0 Evocations


You had 14 spell levels left.
You knew the following spells:

 Your Spells              Type           Power        Failure   Level  Hunger
a - Animate Skeleton      Necr           N/A          24%         1    None
b - Blink                 Tloc           N/A          38%         2    ##.....
c - Confusing Touch       Hex            ###...       1%          1    None
d - Repel Missiles        Chrm/Air       #.....       14%         2    ##.....
e - Slow                  Hex            ###.....     2%          2    ##.....


Dungeon Overview and Level Annotations

Branches:
Dungeon (1/1)

Altars:
Cheibriados
Dithmenos
Elyvilon
Fedhas
Gozag
Hepliaklqana
Kikubaaqudgha
Makhleb
Nemelex Xobeh
Okawaru
Qazlal
Ru
Sif Muna
Trog
Uskayaw
Vehumet
Xom
Yredelemnul
Zin
The Shining One
Beogh
Jiyva
Lugonu

Shops:
D ?(:*


Innate Abilities, Weirdness & Mutations

You cannot wear armour.
You are incapable of wielding weapons or throwing items.
Your paws allow you to move quietly. (Stealth)
You have sharp claws.
You have razor-sharp teeth.
You have supernaturally acute eyesight. (SInv)
You are carnivorous and can eat meat at any time.
You cover ground quickly.
Your thick and shaggy fur keeps you warm. (AC +3, rC+)
You have a slow metabolism.
Your sharp claws are effective at attacking unaware monsters.


Message History

The orb of fire is distracted by your gold.
Things that are here:
a trident; a scimitar You close the door.
You hear an explosion!
The orb of fire glows red.
The bolt of fire hits your orb of fire.
Your orb of fire completely resists.
The bolt of fire hits you!
Do you want to bribe the denizens of the Dungeon?
Gozag spreads your bribe to the Dungeon!
You open the door.
The curse toe stares, then turns away, jangling a coin purse.
The orb of fire glows bright magenta.
The bolt of fire hits your orb of fire.
Your orb of fire completely resists.
The bolt of fire hits you!
Ouch! That really hurt!
You die...
Your body crumbles into a pile of gold.

..'............)))))))...[[[[[[[.
▓▓▓▓▓▓▓▓▓▓▓▓▓▓▓▓▓▓▓▓▓▓▓▓▓▓▓▓▓▓▓▓▓
.................................
▓▓▓▓▓▓▓▓▓▓▓▓▓▓▓▓▓▓▓▓▓▓▓▓▓▓▓▓▓▓▓▓▓
.[)....)'....).)....)'..)...)'...
▓▓▓▓▓▓▓▓▓▓▓▓▓▓▓▓▓▓▓▓▓▓▓▓▓▓▓▓▓▓▓▓▓
...........)....)................
▓▓▓▓▓▓▓▓▓▓▓▓▓▓▓▓▓▓▓▓▓▓▓▓▓▓▓▓▓▓▓▓▓
....'...§§§z...'@.***...'.'.'.'*.
▓▓▓▓▓▓▓▓▓▓▓▓▓▓▓▓▓▓▓▓▓▓▓▓▓▓▓▓▓▓▓▓▓


You could see 2 neutral orbs of fire, a neutral curse toe and a friendly orb of
fire.

Vanquished Creatures
  A golden dragon (D)
  An electric golem (D)
  2 Orb Guardians (D)
  A death cob (D)
  Gastronok (D)
  2 ghost moths (D)
  A storm dragon (D)
  3 shadow dragons (D)
  4 emperor scorpions (D)
  A frost giant (D)
  A stone giant (D)
  A spark wasp (D)
  Josephine (D)
  2 fire dragons (D)
  Erolcha (D)
  2 rakshasas (D)
  4 vault guards (D)
  2 hydras (D)
  A naga warrior (D)
  An anaconda (D)
  An orc high priest (D)
  A deep troll shaman (D)
  Sonja (D)
  A skeletal warrior (D)
  A mana viper (D)
  2 swamp dragons (D)
  A naga ritualist (D)
  A deep elf archer (D)
  7 orc knights (D)
  A cyclops (D)
  A deep elf mage (D)
  A moth of wrath (D)
  A siren (D)
  A black mamba (D)
  A spiny frog (D)
  A rime drake (D)
  2 komodo dragons (D)
  2 yaktaurs (D)
  5 polar bears (D)
  2 jumping spiders (D)
  A two-headed ogre (D)
  A polar bear (shapeshifter) (D)
  2 tarantellas (D)
  3 yaks (D)
  3 wraiths (D)
  A hungry ghost (D)
  A water moccasin (D)
  2 porcupines (D)
  16 orc warriors (D)
  A swamp drake (D)
  An ice beast (D)
  3 black bears (D)
  An eye of draining (D)
  A wolf (D)
  5 crocodiles (D)
  3 bullfrogs (D)
  A scorpion (D)
  A hound (D)
  4 orc priests (D)
  4 orc wizards (D)
  A quasit (D)
  A worker ant (D)
  A gnoll (D)
  A leopard gecko (D)
  8 orcs (D)
  A bat skeleton (D)
  A bat zombie (D)
  A giant cockroach (D)
  A jackal (D)
  A ball python zombie (D)
  A frilled lizard (D)
  A giant cockroach zombie (D)
  A jackal skeleton (D)
  A kobold (D)
  A quokka skeleton (D)
  A rat (D)
145 creatures vanquished.

Vanquished Creatures (collateral kills)
  Dispater (D)
  An ancient lich (D)
  Xtahua (D)
  2 golden dragons (D)
  2 bone dragons (D)
  A tentacled monstrosity (D)
  A lich (D)
  Rupert (D)
  6 Orb Guardians (D)
  A death cob (D)
  5 draconian monks (D)
  3 shadow dragons (D)
  Donald (D)
  2 fire giants (D)
  A draconian knight (D)
  A nagaraja (D)
  An emperor scorpion (D)
  2 ghost moths (D)
  A frost giant (D)
  3 vault wardens (D)
  A draconian caller (D)
  A spriggan defender (D)
  A draconian annihilator (D)
  A stone giant (D)
  An entropy weaver (D)
  A white draconian (D)
  A black draconian (D)
  2 red draconians (D)
  Snorg (D)
  2 naga warriors (D)
  2 ettins (D)
  2 fire dragons (D)
  An ogre mage (D)
  A mummy priest (D)
  3 merfolk impalers (D)
  2 yaktaur captains (D)
  A spriggan air mage (D)
  7 vault guards (D)
  8 hydras (D)
  3 ice dragons (D)
  A death knight (D)
  A ghost crab (D)
  A vampire mage (D)
  Nergalle (D)
  3 orc knights (D)
  A sea snake (D)
  3 swamp dragons (D)
  An ironbrand convoker (D)
  An orb spider (D)
  2 wolf spiders (D)
  A moth of wrath (shapeshifter) (D)
  A siren (D)
  2 moths of wrath (D)
  3 black mambas (D)
  2 guardian serpents (D)
  2 vault sentinels (D)
  A naga mage (D)
  2 jumping spiders (D)
  A merfolk (D)
  A polar bear (shapeshifter) (D)
  2 tyrant leeches (D)
  2 redbacks (D)
  A tarantella (D)
  A vampire mosquito (D)
  An orc (D)
117 creatures vanquished.

Vanquished Creatures (others)
  Mennas (D)
  Mara (D)
  Sojobo (D)
  Boris (D)
  Frederick (D)
  Saint Roka (D)
  A golden dragon (D)
  Nikola (D)
  Jory (D)
  A tentacled monstrosity (D)
  3 electric golems (D)
  A titan (D)
  14 Orb Guardians (D)
  A thorn hunter (D)
  A storm dragon (D)
  2 tengu reavers (D)
  Ilsuiw (D)
  5 nagarajas (D)
  A draconian knight (D)
  2 frost giants (D)
  A vault warden (D)
  6 draconian scorchers (D)
  An ironheart preserver (D)
  3 draconian annihilators (D)
  2 stone giants (D)
  A draconian caller (D)
  A deep elf demonologist (D)
  2 green draconians (D)
  3 yellow draconians (D)
  A mottled draconian (D)
  4 purple draconians (D)
  4 merfolk javelineers (D)
  An ettin (D)
  4 merfolk impalers (D)
  A fire dragon (D)
  A great orb of eyes (D)
  13 vault guards (D)
  2 ice dragons (D)
  An ogre mage (D)
  2 merfolk avatars (D)
  An anaconda (D)
  2 naga warriors (D)
  A hydra (D)
  2 centaur warriors (D)
  A deep troll shaman (D)
  A shadow wraith (D)
  A spriggan druid (D)
  3 deep elf archers (D)
  A flayed ghost (D)
  3 ironbrand convokers (D)
  An orc knight (D)
  A manticore (D)
  A cyclops (D)
  An ugly thing (D)
  3 moths of wrath (D)
  2 vault sentinels (D)
  2 freezing wraiths (D)
  2 yaktaurs (D)
  A tengu conjurer (D)
  3 merfolk (D)
  A bog body (D)
  A mottled dragon (D)
  4 orc warriors (D)
  A boggart (D)
  An orc (D)
136 creatures vanquished.

Grand Total: 398 creatures vanquished

Notes
Turn   | Place    | Note
-------+----------+-------------------------------------------
     0 | D        | equalderp2856 the Felid Fighter began the quest for the Orb.
     0 | D        | Reached XP level 1. HP: 10/10 MP: 2/2
     8 | D        | Reached skill level 5 in Unarmed Combat
     8 | D        | Reached XP level 2. HP: 5/14 MP: 3/3
   210 | D        | Found a roughly hewn altar of Beogh.
   210 | D        | Found a snail-covered altar of Cheibriados.
   210 | D        | Found a shadowy altar of Dithmenos.
   210 | D        | Found a white marble altar of Elyvilon.
   210 | D        | Found a blossoming altar of Fedhas.
   210 | D        | Found an opulent altar of Gozag.
   211 | D        | Found a hazy altar of Hepliaklqana.
   212 | D        | Found a viscous altar of Jiyva.
   213 | D        | Found an ancient bone altar of Kikubaaqudgha.
   214 | D        | Found a corrupted altar of Lugonu.
   215 | D        | Found a burning altar of Makhleb.
   216 | D        | Found a sparkling altar of Nemelex Xobeh.
   217 | D        | Found an iron altar of Okawaru.
   218 | D        | Became a worshipper of Gozag Ym Sagoz the Greedy
   219 | D        | Found a stormy altar of Qazlal.
   220 | D        | Found a sacrificial altar of Ru.
   221 | D        | Found a deep blue altar of Sif Muna.
   222 | D        | Found a bloodstained altar of Trog.
   223 | D        | Found a hide-covered altar of Uskayaw.
   224 | D        | Found a radiant altar of Vehumet.
   225 | D        | Found a shimmering altar of Xom.
   226 | D        | Found a basalt altar of Yredelemnul.
   227 | D        | Found a glowing silver altar of Zin.
   228 | D        | Found a glowing golden altar of the Shining One.
   255 | D        | Noticed a scorpion
   255 | D        | Noticed an ice beast
   264 | D        | Reached skill level 5 in Dodging
   264 | D        | Reached skill level 1 in Stealth
   264 | D        | Reached XP level 3. HP: 8/18 MP: 4/4
   269 | D        | Reached XP level 4. HP: 9/22 MP: 5/5
   715 | D        | Reached skill level 5 in Fighting
   719 | D        | Reached XP level 5. HP: 26/26 MP: 6/6
   783 | D        | Killed an ice beast
   931 | D        | Noticed a yak
   931 | D        | Noticed a polar bear
   931 | D        | Noticed a five-headed hydra
   931 | D        | Noticed a deep elf mage
   933 | D        | Killed a yak
   933 | D        | Gained mutation: You are covered in thick fur. (AC +2) [Felid growth]
   933 | D        | Reached XP level 6. HP: 31/31 MP: 7/7
   935 | D        | Killed a polar bear
   935 | D        | Reached skill level 10 in Dodging
   935 | D        | Reached skill level 5 in Stealth
   935 | D        | Reached XP level 7. HP: 35/35 MP: 8/8
  1234 | D        | Slain by a five-headed hydra
  1235 | D        | Reached XP level 6. HP: -4/31 MP: 7/7
  1412 | D        | Killed a deep elf mage
  1412 | D        | Reached skill level 1 in Evocations
  1412 | D        | Reached XP level 7. HP: 36/36 MP: 7/9
  1541 | D        | Noticed a yak
  1541 | D        | Noticed a komodo dragon
  1541 | D        | Noticed a spiny frog
  1778 | D        | Killed a yak
  2500 | D        | Killed a komodo dragon
  2500 | D        | Reached XP level 8. HP: 25/40 MP: 10/10
  2736 | D        | Killed a spiny frog
  3079 | D        | Noticed a rime drake
  3079 | D        | Noticed a komodo dragon
  3079 | D        | Noticed a four-headed hydra
  3081 | D        | Reached skill level 15 in Unarmed Combat
  3084 | D        | Impaled on a porcupine's spines
  3085 | D        | Reached XP level 7. HP: -1/37 MP: 10/10
  3162 | D        | Noticed Sonja
  3163 | D        | Noticed a wraith
  3165 | D        | Noticed Josephine
  3166 | D        | Noticed a wraith
  3167 | D        | Noticed a wraith
  3172 | D        | Killed Sonja
  3172 | D        | Reached skill level 10 in Stealth
  3172 | D        | Reached XP level 8. HP: 25/41 MP: 11/11
  3176 | D        | Killed Josephine
  3176 | D        | Reached XP level 9. HP: 39/45 MP: 11/13
  3256 | D        | Found Mablehib's Assorted Antiques.
  3256 | D        | Noticed an orc knight
  3256 | D        | Noticed an orc knight
  3257 | D        | Noticed an orc knight
  3296 | D        | Killed an orc knight
  3440 | D        | Killed an orc knight
  3683 | D        | Killed an orc knight
  3683 | D        | Reached XP level 10. HP: 21/49 MP: 14/14
  3735 | D        | Noticed an orc knight
  3918 | D        | Killed an orc knight
  4114 | D        | Found Faev's Book Emporium.
  4118 | D        | Found Gipaadoihy's Weapon Shoppe.
  4120 | D        | Noticed an orc knight
  4121 | D        | Found Voutyrac's Magic Scroll Emporium.
  4128 | D        | Noticed an orc knight
  4478 | D        | Killed an orc knight
  4855 | D        | Killed an orc knight
  4855 | D        | Reached skill level 15 in Dodging
  4929 | D        | Noticed an orc high priest
  5073 | D        | Killed an orc high priest
  5362 | D        | Noticed an orc knight
  5554 | D        | Killed an orc knight
  5554 | D        | Reached XP level 11. HP: 43/54 MP: 15/15
  5651 | D        | Noticed Erolcha
  5659 | D        | Killed Erolcha
  5674 | D        | Noticed Gastronok
  6041 | D        | Killed Gastronok
  6293 | D        | Killed a four-headed hydra
  6293 | D        | Reached skill level 15 in Stealth
  6571 | D        | Killed a five-headed hydra
  6571 | D        | Reached skill level 10 in Fighting
  6871 | D        | Bought a scroll of recharging for 123 gold pieces
  6881 | D        | Bought a book of Minor Magic for 240 gold pieces
  6881 | D        | Bought a book of Cantrips for 240 gold pieces
  6883 | D        | Learned a level 1 spell: Animate Skeleton
  6886 | D        | Learned a level 2 spell: Blink
  6888 | D        | Learned a level 1 spell: Confusing Touch
  6891 | D        | Learned a level 2 spell: Repel Missiles
  6910 | D        | Learned a level 2 spell: Slow
  7028 | D        | Noticed a skeletal warrior
  7030 | D        | Noticed a frost giant
  7583 | D        | Killed a frost giant
  7583 | D        | Reached skill level 1 in Spellcasting
  7583 | D        | Reached skill level 1 in Air Magic
  7583 | D        | Gained mutation: Your thick and shaggy fur keeps you warm. (AC +3, rC+) [Felid growth]
  7583 | D        | Reached XP level 12. HP: 58/58 MP: 14/16
  7621 | D        | Noticed a rakshasa
  7767 | D        | Killed a rakshasa
  7767 | D        | Reached skill level 1 in Hexes
  7767 | D        | Reached skill level 1 in Charms
  7784 | D        | Noticed a rakshasa
  7785 | D        | Noticed a stone giant
  7786 | D        | Noticed a deep troll shaman
  7845 | D        | Killed a rakshasa
  8137 | D        | Killed a stone giant
  8235 | D        | Killed a deep troll shaman
  8235 | D        | Reached skill level 5 in Evocations
  8354 | D        | Noticed Donald
  8359 | D        | Noticed Saint Roka
  8417 | D        | Noticed a ghost crab
  8417 | D        | Noticed a thorn hunter
  8417 | D        | Noticed an eight-headed hydra
  8438 | D        | Killed an eight-headed hydra
  8444 | D        | Killed a thorn hunter
  8453 | D        | Killed a ghost crab
  8753 | D        | Noticed a merfolk javelineer
  8838 | D        | Noticed an anaconda
  8838 | D        | Noticed a naga warrior
  8838 | D        | Noticed an anaconda
  8840 | D        | Killed an anaconda
  8859 | D        | Killed a naga warrior
  8871 | D        | Killed an anaconda
  8872 | D        | Killed a merfolk javelineer
  9063 | D        | Reached skill level 5 in Hexes
  9088 | D        | Noticed an entropy weaver
  9088 | D        | Noticed a ghost moth
  9102 | D        | Killed an entropy weaver
  9121 | D        | Your ally died
  9122 | D        | Noticed a ghost moth
  9145 | D        | Killed a ghost moth
  9145 | D        | Reached XP level 13. HP: 47/61 MP: 0/21
  9168 | D        | Killed a ghost moth
  9168 | D        | Reached skill level 5 in Spellcasting
  9306 | D        | Noticed an ettin
  9306 | D        | Noticed a fire dragon
  9322 | D        | Noticed a storm dragon
  9322 | D        | Killed a fire dragon
  9324 | D        | Killed an ettin
  9328 | D        | Noticed a frost giant
  9594 | D        | Killed a storm dragon
  9652 | D        | Noticed a frost giant
  9654 | D        | Noticed a fire dragon
  9659 | D        | Killed a frost giant
  9662 | D        | Noticed a fire giant
  9664 | D        | Killed a fire dragon
  9665 | D        | Noticed a lich
  9670 | D        | Noticed a fire dragon
  9680 | D        | Killed a fire dragon
  9935 | D        | Noticed an ironheart preserver
  9957 | D        | Noticed an Orb Guardian
  9957 | D        | Noticed an Orb Guardian
  9962 | D        | Killed an ironheart preserver
  9993 | D        | Noticed a stone giant
  9994 | D        | Killed an Orb Guardian
 10020 | D        | Noticed a vault warden
 10023 | D        | Noticed a vault warden
 10113 | D        | Noticed a tengu reaver
 10114 | D        | Noticed Sojobo
 10116 | D        | Noticed a tengu reaver
 10152 | D        | Noticed Rupert
 10446 | D        | Noticed Jory
 10450 | D        | Noticed Frederick
 10452 | D        | Noticed Nergalle
 10454 | D        | Killed Nergalle
 10493 | D        | Noticed a nagaraja
 10493 | D        | Noticed a nagaraja
 10493 | D        | Noticed a nagaraja
 10493 | D        | Noticed a nagaraja
 10497 | D        | Killed a nagaraja
 10498 | D        | Noticed a nagaraja
 10498 | D        | Killed a nagaraja
 10499 | D        | Noticed a nagaraja
 10503 | D        | Killed a nagaraja
 10521 | D        | Killed a naga warrior
 10522 | D        | Killed Rupert
 10559 | D        | Got a serpentine rune of Zot
 10646 | D        | Noticed an emperor scorpion
 10646 | D        | Noticed an emperor scorpion
 10647 | D        | Noticed a ghost moth
 10648 | D        | Killed an emperor scorpion
 10658 | D        | Killed an emperor scorpion
 10665 | D        | Killed a ghost moth
 10677 | D        | Noticed an emperor scorpion
 10678 | D        | Noticed an emperor scorpion
 10680 | D        | Noticed an emperor scorpion
 10682 | D        | Noticed a ghost moth
 10685 | D        | Killed an emperor scorpion
 10687 | D        | Killed an emperor scorpion
 10691 | D        | Killed an emperor scorpion
 10696 | D        | Killed a ghost moth
 10700 | D        | Got a gossamer rune of Zot
 11071 | D        | Killed a vault warden
 11105 | D        | Killed a vault warden
 11150 | D        | Killed a stone giant
 11202 | D        | Killed an Orb Guardian
 11453 | D        | Killed a lich
 11589 | D        | Killed a fire giant
 11987 | D        | Killed Donald
 13314 | D        | Got a decaying rune of Zot
 13480 | D        | Noticed a merfolk impaler
 13480 | D        | Noticed a merfolk javelineer
 13480 | D        | Noticed a merfolk javelineer
 13480 | D        | Noticed a merfolk impaler
 13480 | D        | Noticed a merfolk impaler
 13481 | D        | Noticed Ilsuiw
 13484 | D        | Killed a merfolk impaler
 13484 | D        | Reached XP level 14. HP: 66/66 MP: 23/23
 13497 | D        | Killed Ilsuiw
 13516 | D        | Got a barnacled rune of Zot
 13567 | D        | Noticed Mara
 13592 | D        | Noticed Xtahua
 13739 | D        | Noticed a vault warden
 13739 | D        | Noticed a stone giant
 13752 | D        | Killed a stone giant
 13753 | D        | Your ally died
 13757 | D        | Killed a vault warden
 13766 | D        | Killed Xtahua
 13835 | D        | Your ally died
 13878 | D        | Noticed a vault warden
 13879 | D        | Killed from afar by Sojobo
 13880 | D        | Reached XP level 13. HP: -11/62 MP: 22/22
 13884 | D        | Killed a vault warden
 13904 | D        | Noticed Nikola
 13912 | D        | Noticed Mennas
 13921 | D        | Noticed Snorg
 14016 | D        | Got the amulet "Nigusem" {Reflect Fragile +Inv rElec Str+7 SH+5}
 14018 | D        | Got the ring "Yzaorpho" {rC+ Str+3 Int+2}
 14020 | D        | Got the amulet "Puozuigg" {Spirit *Slow MP+9 Dex+4}
 14022 | D        | Got the amulet "Atwuhebiveni" {RegenMP +Fly rElec Str+8 Dex-4}
 14058 | D        | Your ally died
 14069 | D        | Killed a mummy priest
 14076 | D        | Noticed Boris
 14085 | D        | Your ally died
 14110 | D        | Noticed a stone giant
 14110 | D        | Noticed a shadow dragon
 14110 | D        | Noticed a shadow dragon
 14110 | D        | Noticed a titan
 14110 | D        | Noticed a shadow dragon
 14110 | D        | Noticed a tentacled monstrosity
 14116 | D        | Killed a titan
 14125 | D        | Killed a shadow dragon
 14126 | D        | Killed a shadow dragon
 14147 | D        | Noticed a shadow dragon
 14148 | D        | Killed a shadow dragon
 14164 | D        | Killed a shadow dragon
 14178 | D        | Got a silver rune of Zot
 14186 | D        | Noticed a shadow dragon
 14186 | D        | Noticed a shadow dragon
 14312 | D        | Killed a shadow dragon
 14354 | D        | Your ally died
 14395 | D        | Your ally died
 14404 | D        | Killed a shadow dragon
 14408 | D        | Noticed an Orb Guardian
 14600 | D        | Noticed a deep elf demonologist
 14628 | D        | Noticed Dispater
 14631 | D        | Noticed a blizzard demon
 14639 | D        | Noticed an Ice Fiend
 14650 | D        | Killed Dispater
 15005 | D        | Killed an Orb Guardian
 15039 | D        | Killed Snorg
 15246 | D        | Noticed an ettin
 15246 | D        | Noticed a spark wasp
 15246 | D        | Noticed a spriggan defender
 15246 | D        | Noticed a tentacled monstrosity
 15246 | D        | Noticed a frost giant
 15256 | D        | Killed a tentacled monstrosity
 15258 | D        | Killed an ettin
 15262 | D        | Killed a spark wasp
 15262 | D        | Reached skill level 27 in Unarmed Combat
 15266 | D        | Noticed an ettin
 15266 | D        | Killed a spriggan defender
 15268 | D        | Killed a frost giant
 15273 | D        | Noticed a fire giant
 15275 | D        | Killed a fire giant
 15277 | D        | Killed an ettin
 15433 | D        | Noticed a fire dragon
 15433 | D        | Noticed a mottled draconian
 15433 | D        | Noticed a bone dragon
 15442 | D        | Killed a fire dragon
 15442 | D        | Reached skill level 27 in Stealth
 15442 | D        | Reached XP level 14. HP: 66/66 MP: 23/23
 15446 | D        | Noticed a bone dragon
 15451 | D        | Killed a bone dragon
 15458 | D        | Killed a bone dragon
 15569 | D        | Noticed a golden dragon
 15569 | D        | Noticed a mottled draconian scorcher
 15569 | D        | Noticed a purple draconian monk
 15569 | D        | Noticed a green draconian annihilator
 15569 | D        | Noticed a black draconian monk
 15578 | D        | Killed a golden dragon
 15740 | D        | Noticed a green draconian monk
 15740 | D        | Noticed a white draconian monk
 15740 | D        | Noticed a mottled draconian caller
 15740 | D        | Noticed a death cob
 15853 | D        | Noticed a yellow draconian knight
 15853 | D        | Noticed a golden dragon
 15853 | D        | Noticed a yellow draconian scorcher
 15860 | D        | Noticed a red draconian scorcher
 15863 | D        | Killed a red draconian scorcher
 15863 | D        | Killed a yellow draconian scorcher
 15863 | D        | Killed a purple draconian scorcher
 15865 | D        | Killed a golden dragon
 15923 | D        | Noticed a red draconian annihilator
 15923 | D        | Noticed a storm dragon
 15923 | D        | Noticed a mottled draconian scorcher
 15927 | D        | Killed a mottled draconian scorcher
 15928 | D        | Noticed a white draconian monk
 15930 | D        | Killed a storm dragon
 15932 | D        | Killed a purple draconian annihilator
 15937 | D        | Noticed a red draconian knight
 16139 | D        | Noticed an Orb Guardian
 16139 | D        | Noticed an Orb Guardian
 16139 | D        | Noticed an Orb Guardian
 16139 | D        | Noticed an Orb Guardian
 16139 | D        | Noticed an Orb Guardian
 16139 | D        | Noticed an Orb Guardian
 16141 | D        | Killed an Orb Guardian
 16144 | D        | Killed a purple draconian monk
 16146 | D        | Killed an Orb Guardian
 16148 | D        | Killed a green draconian annihilator
 16153 | D        | Killed a black draconian monk
 16155 | D        | Killed a green draconian monk
 16159 | D        | Killed a white draconian monk
 16165 | D        | Killed a mottled draconian caller
 16191 | D        | Noticed an Orb Guardian
 16195 | D        | Killed a death cob
 16198 | D        | Noticed an Orb Guardian
 16203 | D        | Noticed an Orb Guardian
 16204 | D        | Noticed an Orb Guardian
 16214 | D        | Noticed a death cob
 16214 | D        | Noticed an Orb Guardian
 16214 | D        | Noticed an Orb Guardian
 16214 | D        | Noticed a yellow draconian scorcher
 16214 | D        | Noticed a red draconian caller
 16219 | D        | Noticed an Orb Guardian
 16227 | D        | Noticed an ancient lich
 16228 | D        | Noticed an orb of fire
 16230 | D        | Killed an Orb Guardian
 16237 | D        | Killed an Orb Guardian
 16238 | D        | Killed a white draconian monk
 16240 | D        | Killed an Orb Guardian
 16240 | D        | Killed an Orb Guardian
 16245 | D        | Killed a red draconian knight
 16255 | D        | Killed an Orb Guardian
 16258 | D        | Killed a death cob
 16283 | D        | Killed an ancient lich
 16292 | D        | Your ally died
 16934 | D        | Noticed an electric golem
 16936 | D        | Killed an electric golem
 16939 | D        | Noticed a golden dragon
 16939 | D        | Noticed a curse toe
 16939 | D        | Noticed an electric golem
 16939 | D        | Noticed an orb of fire
 16939 | D        | Noticed an orb of fire
 16939 | D        | Noticed an Orb Guardian
 16940 | D        | Noticed an electric golem
 16941 | D        | Killed a golden dragon
 16946 | D        | Killed an electric golem
 16949 | D        | Killed an Orb Guardian
 16955 | D        | Killed a red draconian annihilator
 16965 | D        | Killed an electric golem
 17112 | D        | Noticed an orb of fire
 17112 | D        | Noticed an orb of fire
 17138 | D        | Noticed an electric golem
 17160 | D        | Killed an electric golem
 17160 | D        | Killed a golden dragon
 17318 | D        | Noticed an orb of fire
 17380 | D        | Noticed an Orb Guardian
 17380 | D        | Noticed an Orb Guardian
 17380 | D        | Noticed an Orb Guardian
 17380 | D        | Noticed an Orb Guardian
 17380 | D        | Noticed an Orb Guardian
 17387 | D        | Demolished by an Orb Guardian
 17388 | D        | Reached XP level 13. HP: -14/64 MP: 22/22
 17438 | D        | Killed an Orb Guardian
 17513 | D        | Killed an Orb Guardian
 17513 | D        | Killed an Orb Guardian
 17517 | D        | Killed an Orb Guardian
 17519 | D        | Killed from afar by an orb of fire

Skill      XL: |  1  2  3  4  5  6  7  8  9 10 11 12 13 14 |
---------------+-------------------------------------------+-----
Unarmed Combat | 5 6 7 8 11 13 16 17 19 22 23 27 26 | 27.0
Fighting       | 4 5 6 7 8 9 10 12 | 12.1
Dodging        | 5 6 7 9 11 13 14 15 16 17 19 24 | 24.5
Stealth        | 1 2 4 6 10 9 12 13 15 18 27 23 | 27.0
Evocations     | 1 2 4 5 |  5.0
Spellcasting   | 1 4 5 |  5.4
Air Magic      | 1 2 |  2.2
Hexes          | 5 6 |  6.1
Charms         | 2 |  2.4

Action                   |  1- 3 |  4- 6 |  7- 9 | 10-12 | 13-15 || total
-------------------------+-------+-------+-------+-------+-------++-------
Melee: Unarmed           |    36 |    28 |   105 |   298 |    82 ||   549
       Punch             |     3 |     2 |    12 |    39 |    13 ||    69
       Bite              |     2 |     6 |    11 |    51 |    11 ||    81
 Cast: Repel Missiles    |       |       |       |     3 |       ||     3
       Confusing Touch   |       |       |       |     3 |       ||     3
Invok: Potion Petition   |       |       |     2 |       |     5 ||     7
       Bribe Branch      |       |       |       |     1 |     8 ||     9
Evoke: Wand              |       |       |     6 |     1 |       ||     7
  Use: Potion            |       |       |     3 |     1 |     3 ||     7
       Scroll            |       |       |       |     1 |     2 ||     3
 Stab: Sleeping          |       |     2 |     2 |     5 |     8 ||    17
       Distracted        |       |       |     1 |     5 |     6 ||    12
       Invisible         |       |       |     1 |       |     2 ||     3
       Confused          |       |       |       |     3 |       ||     3
       Paralysed         |       |       |       |       |     1 ||     1
  Eat: Meat ration       |       |       |       |     2 |     2 ||     4
Armor: Skin              |     2 |       |     2 |     2 |       ||     6
Dodge: Dodged            |    41 |    17 |    75 |   164 |    71 ||   368
       Deflected         |       |       |       |     2 |     2 ||     4
